 Dungeon Crawl Stone Soup version 0.29-a0-993-g4a18f31a58 (webtiles) character file.

Game seed: 2299300880874920152

34 drugrobin the Chopper (level 3, -2/30 HPs)
             Began as a Demigod Fighter on Aug 2, 2022.
             Slain by Natasha (10 damage)
             ... on level 1 of the Dungeon.
             The game lasted 00:02:02 (892 turns).

drugrobin the Chopper (Demigod Fighter)              Turns: 892, Time: 00:02:03

Health: -2/30      AC:  6    Str: 21    XL:     3   Next: 1%
Magic:  5/5        EV:  9    Int: 10    God:
Gold:   49         SH:  4    Dex: 13    Spells: 2/2 levels left

rFire   . . .      SeeInvis .   a - +0 war axe
rCold   . . .      Faith    .   c - +0 buckler
rNeg    . . .      Spirit   .   b - +0 scale mail
rPois   .          Reflect  .   (no helmet)
rElec   .          Harm     .   (no cloak)
rCorr   .          Rampage  .   (no gloves)
Will    .....                   (no boots)
Stlth   ..........              (no amulet)
HPRegen 0.10/turn               (no ring)
MPRegen 0.09/turn               (no ring)

@: no status effects
A: high MP 1, forlorn, divine attributes
a: no special abilities


You were on level 1 of the Dungeon.
You visited 1 branch of the dungeon, and saw 2 of its levels.

You collected 49 gold pieces.

Inventory:

Hand Weapons
 a - a +0 war axe (weapon)
Armour
 b - a +0 scale mail (worn)
 c - a +0 buckler (worn)
Scrolls
 f - 2 scrolls of identify {unknown}
Potions
 d - a potion of might
 e - a potion of mutation {unknown}


   Skills:
 - Level 2.6 Fighting
 * Level 3.3 Axes
 - Level 2.6 Armour
 - Level 2.6 Shields


You had 2 spell levels left.
You didn't know any spells.
Your spell library contained the following spells:

 Spells                   Type           Power      Damage    Failure   Level
 Summon Small Mammal      Summ           0%         N/A       80%         1
 Call Canine Familiar     Summ           0%         N/A       99%         3
 Stone Arrow              Conj/Erth      0%         3d7       99%         3
 Summon Guardian Golem    Hex/Summ       0%         N/A       99%         3
 Animate Armour           Summ/Erth      0%         N/A       100%        4
 Lehudib's Crystal Spear  Conj/Erth      0%         10d2      100%        8


Dungeon Overview and Level Annotations

Branches:
Dungeon (2/15)

Annotations:
D:1 Natasha


Innate Abilities, Weirdness & Mutations

You have an increased reservoir of magic. (+10% MP)
You shall have no god before yourself.
Your divine heritage dramatically boosts your attributes as you level up.


Message History

There is a stone staircase leading down here.
You climb downwards.
Level annotation: Natasha The kobold shouts!
The bat barely misses you.
There is a stone staircase leading up here.
Unknown command.
Unknown command.
Unknown command.
You slash the bat!
You kill the bat!
Natasha casts a spell at you. The magic dart hits you.
Unknown command.
Unknown command.
Natasha drinks a potion.
Natasha seems to grow stronger.
You climb upwards.
There is a stone staircase leading down here.
Unknown command.
You hit Natasha.
Natasha is moderately wounded.
Natasha claws you.
You closely miss Natasha.
Natasha is moderately wounded.
Natasha wildly gestures.
Natasha's front paws start to glow.
Natasha claws you! x2
* * * LOW HITPOINT WARNING * * *
Unknown command.
Unknown command.
You slash Natasha!
Natasha is severely wounded.
You block Natasha's attack.
Unknown command.
Unknown command.
Unknown command.
You closely miss Natasha.
Natasha is severely wounded.
Natasha claws you!
You die...

#.'...'...#.##..###.......#
#.#...##..#.##..# #.......#
#########.#.##..# #.......#
#.#.....# #.......# #####†#.###.#
##'###### #.....#†###.# #.#
#...........####.#######
##########.....h.##..............
....[...........@##......###.....
#####.####.....####......###.....
...........................'.....
###########...............##.....
.P.#.#.P.#.†#.............##.....
.#.#.#.#.#..#.......#####†..††###
....P....P..#.......# #.....#
.#.#P#.#.#..###....## #.....#
...#_#.P.#.........######.#######


You could see Natasha (strong).

Vanquished Creatures
  3 dart slugs (D:1)
  An endoplasm (D:1)
  2 giant cockroaches (D:1)
  3 goblins (D:1)
  A hobgoblin (D:1)
  3 jackals (D:1)
  A ball python (D:1)
  5 bats
  2 frilled lizards (D:1)
  2 kobolds (D:1)
  4 rats (D:1)
27 creatures vanquished.

Notes
Turn   | Place    | Note
-------+----------+-------------------------------------------
     0 | D:1      | drugrobin the Demigod Fighter began the quest for the Orb.
     0 | D:1      | Reached XP level 1. HP: 18/18 MP: 3/3
    38 | D:1      | Reached skill level 2 in Axes
   124 | D:1      | Reached XP level 2. HP: 20/25 MP: 4/4
   449 | D:1      | Reached skill level 3 in Axes
   739 | D:1      | Reached XP level 3. HP: 30/30 MP: 5/5
   877 | D:2      | Noticed Natasha
   892 | D:1      | Slain by Natasha

Illustrated notes

Levels and vault maps discovered:
D:1:      ncdulo_smallfort, layout_basic,
          shapermc_ecumenical_altar_mp_urbaneastern, serial_glass,
          glass_columns_b, glass_columns_a, minmay_misc_feat_nine_boxes
D:2:      layout_loops_ring, uniq_natasha, uniq_jessica

Skill      XL: |  1  2 |
---------------+-------+-----
Axes           | 2 3 |  3.3
Fighting       | |  2.6
Armour         | |  2.6
Shields        | |  2.6

Action                   || total
-------------------------++-------
Melee: War axe           ||    73
Armor: Scale mail        ||    42
Dodge: Dodged            ||    24
Block: Buckler           ||    17

Table legend: (Time is in decaauts)
 A = Elapsed time spent in this place.
 B = Non-inter-level travel time spent in this place.
 C = Inter-level travel time spent in this place.
 D = Time resting spent in this place.
 E = Time spent auto-exploring this place.
 F = Levels seen in this place.
 G = Mean time per level.
                   A        B        C        D        E       F      G
               +--------+--------+--------+--------+--------+-----+--------+
         Total |    922 |    916 |      6 |      0 |    633 |   2 |  461.0 |
       Dungeon |    922 |    916 |      6 |      0 |    633 |   2 |  461.0 |
               +--------+--------+--------+--------+--------+-----+--------+

Top non-repeatable levels by time:
     D:1: 917 daAuts
     D:2: 5 daAuts
